 Dungeon Crawl Stone Soup version 0.31.0-32-g396128a36d (webtiles) character file.

Game seed: 53843824089564125

67671 coldbreeze the Basher (level 14, -4/116 HPs)
             Began as a Demonspawn Gladiator on Apr 23, 2024.
             Was a High Priest of Okawaru.
             Killed by divine providence
             ... invoked by Saint Roka
              (15 damage)
             ... on level 2 of the Orcish Mines.
             The game lasted 01:15:15 (21709 turns).

coldbreeze the Basher (Demonspawn Gladiator)       Turns: 21709, Time: 01:15:16

Health: -4/116     AC: 26    Str: 27    XL:     14   Next: 83%
Magic:  15/21      EV: 18    Int:  8    God:    Okawaru [*****.]
Gold:   1400       SH: 17    Dex: 23    Spells: 13/13 levels left

rFire   + . .        a - +5 flail (drain)
rCold   . . .        U - +1 kite shield {reflect}
rNeg    . . .        E - +2 scale mail {rF+}
rPois   .            c - +0 helmet
rElec   .            s - +0 cloak
rCorr   .            t - +2 pair of gloves {Str+3}
SInv    .            (boots unavailable)
Will    +....        p - amulet of faith
Stlth   ++           b - +6 ring of strength
HPRegen 0.39/turn    y - +6 ring of dexterity
MPRegen 0.17/turn

%: reflection, faith
@: heroic, finesse-ful, sanguine armoured, studying Shields
A: hooves 3, ignite blood 1, spiny 2, sanguine armour 2
a: Renounce Religion, Heroism, Finesse, Duel


You were on level 2 of the Orcish Mines.
You worshipped Okawaru.
Okawaru was extremely pleased with you.
You visited 3 branches of the dungeon, and saw 18 of its levels.
You also visited: Gauntlet and Ice Cave.

You collected 1400 gold pieces.

Inventory:

Hand Weapons
 a - a +5 flail of draining (weapon)
Missiles
 d - 5 throwing nets
 e - 23 javelins
 i - 44 poisoned darts (quivered)
 q - 5 boomerangs
 Q - 3 curare-tipped darts
 T - 3 datura-tipped darts
Armour
 c - a +0 helmet (worn)
 s - a +0 cloak (worn)
 t - a +2 pair of gloves of strength (worn)
 D - a +0 buckler of positive energy
 E - a +2 scale mail of fire resistance (worn)
 U - a +1 kite shield of reflection (worn)
Jewellery
 b - a +6 ring of strength (left hand)
 n - the amulet "Hepe" {Reflect rF+ Str+4 Dex+4 SH+5}
   (You found it in a Gauntlet)

   [amulet of reflection]

   Reflect:   It reflects blocked missile attacks.
   Str+4:     It affects your strength (+4).
   Dex+4:     It affects your dexterity (+4).
   rF+:       It protects you from fire.
   SH+5:      It affects your SH (+5).
 p - an amulet of faith (around neck)
 u - a +5 ring of evasion
 y - a +6 ring of dexterity (right hand)
 W - a ring of protection from fire
 Y - the ring of Micsoriobi {Ice Str+3}
   (You took it off a gnoll on level 7 of the Dungeon)

   [ring of ice]

   Ice:       It enhances your ice magic.
   Str+3:     It affects your strength (+3).
   rF-:       It makes you vulnerable to fire.
   rC+:       It protects you from cold.
Wands
 r - a wand of mindburst (6)
 z - a wand of flame (28)
 F - a wand of light (11)
 I - a wand of polymorph (6)
 K - a wand of roots (6)
 P - a wand of paralysis (23)
Scrolls
 f - a scroll of fog
 h - 2 scrolls of noise
 j - a scroll of poison
 k - a scroll of vulnerability
 m - 2 scrolls of enchant armour
 A - 2 scrolls of amnesia
 G - 4 scrolls of teleportation
 J - a scroll of immolation
 X - a scroll of torment
Potions
 l - 2 potions of attraction
 o - 4 potions of mutation
 v - 5 potions of haste
 x - a potion of cancellation
 B - a potion of resistance {unknown}
 H - a potion of lignification {unknown}
 L - 4 potions of invisibility {unknown}
 M - 2 potions of might
 N - a potion of berserk rage {unknown}
 O - a potion of ambrosia
Miscellaneous
 R - a lightning rod (4/4)


   Skills:
 + Level 12.9(17.9) Fighting
 - Level 14.0(19.0) Maces & Flails
 - Level 7.0(12.0) Throwing
 - Level 7.1(12.1) Armour
 - Level 6.3(11.3) Dodging
 * Level 12.3(17.3) Shields
 - Level 10.0 Invocations
 - Level 4.0 Evocations


You had 13 spell levels left.
You didn't know any spells.
Your spell library contained the following spells:

 Spells                   Type           Power      Damage    Failure   Level
 Apportation              Tloc           0%         N/A       71%         1
 Kiss of Death            Conj/Necr      0%         2d5       71%         1
 Necrotise                Necr           0%         1d4       71%         1
 Sting                    Conj/Alch      0%         1d3       71%         1
 Lesser Beckoning         Tloc           0%         N/A       85%         2
 Static Discharge         Conj/Air       0%         3-3/arc   85%         2
 Confusing Touch          Hex            0%         N/A       97%         3
 Dazzling Flash           Conj/Hex       0%         N/A       97%         3
 Frozen Ramparts          Ice            0%         1d1       97%         3
 Gell's Gravitas          Tloc           0%         N/A       97%         3
 Mephitic Cloud           Conj/Alch/Air  0%         N/A       97%         3
 Sigil of Binding         Hex            0%         N/A       97%         3
 Teleport Other           Tloc           0%         N/A       97%         3
 Vampiric Draining        Necr           0%         2d6       97%         3
 Volatile Blastmotes      Fire/Tloc      0%         2d10      97%         3
 Airstrike                Air            0%         2d(0-16)  100%        4
 Dimensional Bullseye     Hex/Tloc       0%         N/A       100%        4
 Dispel Undead            Necr           0%         3d6       100%        4
 Leda's Liquefaction      Alch/Erth      0%         N/A       100%        4
 Petrify                  Alch/Erth      0%         N/A       100%        4
 Curse of Agony           Necr           0%         N/A       100%        5
 Iskenderun's Battlesphe  Conj           0%         2d6       100%        5
 Metabolic Englaciation   Hex/Ice        0%         N/A       100%        5
 Silence                  Hex/Air        0%         N/A       100%        5
 Bombard                  Conj/Erth      0%         9d1       100%        6
 Starburst                Conj/Fire      0%         6d3       100%        6
 Maxwell's Capacitive Co  Air            0%         ∞         100%        8
 Summon Small Mammal      Summ           Unusable   N/A       N/A         1
 Call Canine Familiar     Summ           Unusable   N/A       N/A         3
 Martyr's Knell           Necr/Summ      Unusable   N/A       N/A         4
 Summon Lightning Spire   Summ/Air       Unusable   N/A       N/A         4
 Spellforged Servitor     Conj/Summ      Unusable   N/A       N/A         7

Dungeon Overview and Level Annotations

Branches:
Dungeon (15/15)            Temple (1/1) D:7            Lair (0/5) D:11
    Orc (2/2) D:9          Vaults (0/5) D:14         Depths (0/4) D:15
  IceCv (visited)         Gauntlet (visited)
    Elf: Orc:2

Altars:
Ashenzari
Cheibriados
Dithmenos
Fedhas
Gozag
Hepliaklqana
Kikubaaqudgha
Makhleb
Nemelex Xobeh
Okawaru
Qazlal
Ru
Sif Muna
Trog
Uskayaw
Vehumet
Wu Jian
Xom
Yredelemnul

Annotations:
D:7 exclusion: downstairs
D:14 1 runed translucent door, ripuliukko's ghost, journeyman GrEE
Orc:2 Saint Roka


Innate Abilities, Weirdness & Mutations

You have hooves in place of feet.
Your demonic aura sometimes causes spilled blood to erupt in flames.
You are mostly covered in sharp spines.
When seriously injured, your blood forms thick armour. (AC +9)


Message History

The orc warrior barely misses you.
You hear some strange, mumbled words.
Something tries to affect you, but you resist.
The orc warrior hits you but does no damage.
The orc priest begins to cast a cantrip, but forgets the words!
The orc wizard barely misses you.
Unknown command.
You are too confused!
You feel better.
The orc wizard is struck by your spines.
The orc wizard misses you.
The orc warrior hits you with a +2 vampiric long sword!!
* * * LOW HITPOINT WARNING * * *
You block the orc warrior's attack. Something hits you but does no damage.
The orc warrior closely misses you. You block the orc warrior's attack.
Something hits you but does no damage.
Unknown command.
Aiming: Duel (17% risk of failure)
Press: ? - help, Dir - move target, f - orc wizard
Aim: an orc wizard, wielding a +2 dagger of speed and wearing a +0 robe (severely wounded, strong)
The orc wizard is not worthy to be dueled!
Okay, then.
Okay, then.
You feel much better.
The orc wizard casts a spell.
The orc wizard flickers and vanishes!
The orc warrior hits you with a +2 vampiric long sword.
* * * LOW HITPOINT WARNING * * *
You block the orc warrior's attack. Something hits you but does no damage.
The orc warrior closely misses you.
The orc warrior is struck by your spines.
The orc warrior hits you but does no damage.
Something hits you but does no damage.
The orc priest calls down the wrath of Beogh upon you.
Beogh smites you!
* * * LOW HITPOINT WARNING * * *
Saint Roka mumbles some strange prayers to Beogh against you.
Beogh smites you!
You die...
Saint Roka roars, "Praise to Beogh!"

....... ....#.
....... #......
.......#.......
...............
...............
.......o.......
.....o{oo......
......)@oo.....
......)o{......
...............
...............
...............
...............
...............
...............


You could see Saint Roka, 4 orc warriors, an orc priest (strong) and an orc
(strong).

Vanquished Creatures
  Jorgrun (D:13)
  Kirke (D:15)
  An orc warlord (Orc:1)
  A reaper (IceCv)
  An ironbound preserver (D:14)
  A minotaur (Gauntlet)
  An entropy weaver (D:14)
  2 hydras
  A rakshasa (D:15)
  An ogre mage (D:15)
  6 boulder beetles
  5 two-headed ogres
  6 centaur warriors
  4 tengu warriors (D:14)
  A hell hog (Gauntlet)
  2 occultists (D:15)
  The ghost of Route97 the Skirmisher, a novice GnHu (D:7)
  An orc knight (Orc:1)
  2 deep elf pyromancers
  A necromancer (D:15)
  2 orc sorcerers (D:15)
  21 ugly things
  A wolf spider (D:15)
  4 cyclopes
  2 manticores
  A centaur zombie (D:15)
  A kobold blastminer (Orc:1)
  An eye of devastation (Gauntlet)
  2 ice statues (IceCv)
  A smoke demon (Gauntlet)
  2 centaur skeletons (D:15)
  A cane toad (shapeshifter) (D:14)
  An unseen horror (D:10)
  3 komodo dragons
  A yaktaur (D:15)
  2 rime drakes (D:13)
  An efreet (D:15)
  7 kobold demonologists
  7 ice devils (IceCv)
  A red devil (Gauntlet)
  A polar bear (D:9)
  4 trolls
  A glass eye (Gauntlet)
  A hornet (D:8)
  27 slime creatures
  A spriggan (shapeshifter) (D:15)
  A dire elephant simulacrum (IceCv)
  Sigmund (D:4)
  5 wyverns
  5 humans (D:15)
  2 shadows
  9 yaks
  4 fire bats (Gauntlet)
  3 wraiths
  A basilisk (D:11)
  A golden eye (Gauntlet)
  2 steam dragons
  2 hogs (D:15)
  3 wargs
  8 vampire mosquitoes
  A death yak simulacrum (IceCv)
  A hydra simulacrum (IceCv)
  Edmund (D:6)
  3 acid dragons
  2 water moccasins
  A meliai simulacrum (D:15)
  2 hell hounds (Gauntlet)
  16 orc warriors
  3 black bears
  5 ice beasts
  2 swamp drakes
  8 ogres
  A sky beast (D:8)
  10 centaurs
  9 kobold brigands
  3 gnoll sergeants (D:7)
  5 bullfrogs
  3 two-headed ogre simulacra (IceCv)
  A scorpion (D:6)
  29 wights
  3 elephant simulacra (IceCv)
  19 killer bees
  3 howler monkeys
  2 crimson imps (Gauntlet)
  A bombardier beetle (D:4)
  2 hounds
  8 orc priests
  Crazy Yiuf (D:2)
  A gnoll bouda (D:7)
  5 jellies
  Jessica (D:2)
  5 iguanas
  17 orc wizards
  A polar bear simulacrum (IceCv)
  2 spriggan simulacra (IceCv)
  3 wolf simulacra (IceCv)
  A killer bee simulacrum (D:9)
  9 adders
  11 gnolls
  4 naga simulacra (IceCv)
  A shadow imp (D:8)
  3 white imps
  4 ufetubi (IceCv)
  A dart slug (D:4)
  54 orcs
  3 bats
  4 giant cockroaches
  6 goblins
  4 hobgoblins
  8 jackals
  3 quokkas
  5 ball pythons
  39 kobolds
  2 rats
526 creatures vanquished.

Vanquished Creatures (others)
  2 kobolds (D:5)
2 creatures vanquished.

Grand Total: 528 creatures vanquished

Notes
Turn   | Place    | Note
-------+----------+-------------------------------------------
     0 | D:1      | coldbreeze the Demonspawn Gladiator began the quest for the
                  | Orb.
     0 | D:1      | Reached XP level 1. HP: 16/16 MP: 1/1
    27 | D:1      | Reached skill level 3 in Maces & Flails
    94 | D:1      | Gained mutation: You are partially covered in sharp spines.
                  | [demonic ancestry]
    94 | D:1      | Reached XP level 2. HP: 20/22 MP: 2/2
   422 | D:2      | Reached skill level 4 in Maces & Flails
   422 | D:2      | Gained mutation: You have large cloven feet. [demonic
                  | ancestry]
   422 | D:2      | Reached XP level 3. HP: 21/27 MP: 3/3
   499 | D:2      | Identified the +1 pair of boots of Darkness {rElec Str+6
                  | Int-3}
   937 | D:2      | Reached XP level 4. HP: 33/33 MP: 4/4
   966 | D:2      | Noticed Jessica
   969 | D:2      | Killed Jessica
  1043 | D:2      | Found a faded altar of an unknown god.
  1235 | D:2      | Found a runed translucent door.
  1236 | D:2      | Noticed Crazy Yiuf
  1491 | D:2      | Killed Crazy Yiuf
  1492 | D:2      | Reached skill level 5 in Maces & Flails
  1573 | D:3      | Gained mutation: Your demonic aura sometimes causes spilled
                  | blood to erupt in flames. [demonic ancestry]
  1573 | D:3      | Reached XP level 5. HP: 38/38 MP: 5/5
  2255 | D:4      | Reached skill level 6 in Maces & Flails
  2265 | D:4      | Noticed a black bear
  2281 | D:3      | Gained mutation: You have hoof-like feet. [demonic
                  | ancestry]
  2281 | D:3      | Reached XP level 6. HP: 24/44 MP: 6/6
  2525 | D:4      | Noticed Sigmund
  2532 | D:4      | Killed Sigmund
  2533 | D:4      | Reached skill level 7 in Maces & Flails
  2533 | D:4      | Gained mutation: You are mostly covered in sharp spines.
                  | [demonic ancestry]
  2533 | D:4      | Reached XP level 7. HP: 43/50 MP: 7/7
  2878 | D:5      | Entered Level 5 of the Dungeon
  3179 | D:5      | Reached skill level 8 in Maces & Flails
  3352 | D:5      | Reached skill level 1 in Armour
  3494 | D:5      | Gained mutation: When seriously injured, your blood forms
                  | armour. (AC +9) [demonic ancestry]
  3494 | D:5      | Reached XP level 8. HP: 54/60 MP: 8/8
  3528 | D:5      | Found a shimmering altar of Xom.
  4032 | D:5      | Reached skill level 5 in Fighting
  4279 | D:6      | Found a broken altar of Ashenzari.
  4338 | D:6      | Noticed Edmund
  4356 | D:6      | Killed Edmund
  5181 | D:6      | Reached XP level 9. HP: 69/69 MP: 9/9
  5352 | D:7      | Identified the +5 kite shield of Hedging {rF+++ Will- Int+4
                  | Stlth-}
  5400 | D:7      | Found a staircase to the Ecumenical Temple.
  5473 | Temple   | Entered the Ecumenical Temple
  5494 | Temple   | Became a worshipper of Warmaster Okawaru
  5797 | D:7      | Reached * piety under Okawaru
  5798 | D:7      | Reached skill level 5 in Armour
  5804 | D:7      | Reached skill level 1 in Invocations
  5819 | D:7      | Reached skill level 9 in Maces & Flails
  6102 | D:7      | Noticed a cyclops
  6103 | D:7      | Noticed a cyclops
  6134 | D:7      | Killed a cyclops
  6152 | D:7      | Killed a cyclops
  6152 | D:7      | Reached ** piety under Okawaru
  6153 | D:7      | Reached skill level 10 in Maces & Flails
  6153 | D:7      | Reached XP level 10. HP: 74/77 MP: 13/13
  6157 | D:7      | Noticed a two-headed ogre
  6172 | D:7      | Killed a two-headed ogre
  6172 | D:7      | Reached *** piety under Okawaru
  6360 | D:7      | Found a transporter.
  6361 | D:7      | Found a transporter.
  6547 | D:7      | Identified the ring of Micsoriobi {Ice Str+3}
  6605 | D:8      | Found a stormy altar of Qazlal.
  6742 | D:8      | Reached **** piety under Okawaru
  7028 | D:7      | Noticed Route97's ghost (novice GnHu)
  7421 | D:8      | Found a sacrificial altar of Ru.
  7989 | D:9      | Reached skill level 11 in Maces & Flails
  8257 | D:9      | Found a snail-covered altar of Cheibriados.
  8257 | D:9      | Found a blossoming altar of Fedhas.
  8417 | D:9      | Reached ***** piety under Okawaru
  8621 | D:9      | Gained mutation: You have hooves in place of feet. [demonic
                  | ancestry]
  8621 | D:9      | Reached XP level 11. HP: 81/87 MP: 14/14
  8794 | D:9      | Received a gift from Okawaru
  9066 | D:9      | Reached skill level 5 in Invocations
  9367 | D:9      | Found a staircase to the Orcish Mines.
  9464 | D:10     | Entered Level 10 of the Dungeon
  9512 | D:10     | Found a sparkling altar of Nemelex Xobeh.
 10325 | D:11     | Found a gate leading to a gauntlet.
 10334 | Gauntlet | Entered a Gauntlet
 10334 | Gauntlet | Found a transporter.
 10334 | Gauntlet | Found a transporter.
 10335 | Gauntlet | Found a transporter.
 10337 | Gauntlet | Found a transporter.
 10338 | Gauntlet | Found a transporter.
 10350 | Gauntlet | Found a transporter.
 10352 | Gauntlet | Found a transporter.
 10361 | Gauntlet | Noticed a hell hog
 10364 | Gauntlet | Found a transporter.
 10454 | Gauntlet | Found a transporter.
 10464 | Gauntlet | Found a transporter.
 10468 | Gauntlet | Found a transporter.
 10477 | Gauntlet | Noticed an orange crystal statue
 10478 | Gauntlet | Found a transporter.
 10663 | Gauntlet | Identified the amulet "Hepe" {Reflect rF+ Str+4 Dex+4 SH+5}
 10871 | Gauntlet | Killed a hell hog
 10872 | Gauntlet | Reached skill level 10 in Fighting
 10980 | Gauntlet | Noticed a minotaur
 10992 | Gauntlet | Killed a minotaur
 10992 | Gauntlet | Received a gift from Okawaru
 11208 | D:11     | Noticed a boulder beetle
 11224 | D:11     | Killed a boulder beetle
 11280 | D:11     | Reached XP level 12. HP: 99/99 MP: 18/18
 11283 | D:11     | Reached skill level 12 in Maces & Flails
 11455 | D:11     | Noticed a two-headed ogre
 11463 | D:11     | Killed a two-headed ogre
 11696 | D:11     | Received a gift from Okawaru
 11713 | D:11     | Found a staircase to the Lair.
 12483 | D:12     | Noticed a boulder beetle
 12497 | D:12     | Killed a boulder beetle
 12723 | D:12     | Reached skill level 5 in Throwing
 13505 | D:13     | Noticed an eight-headed hydra
 13509 | D:13     | Received a gift from Okawaru
 13513 | D:13     | Killed an eight-headed hydra
 13514 | D:13     | Reached skill level 1 in Evocations
 13517 | D:13     | Noticed a centaur warrior
 13594 | D:13     | Noticed Jorgrun
 13684 | D:13     | Killed Jorgrun
 13751 | D:13     | Found a frozen archway.
 13762 | IceCv    | Entered an ice cave
 13946 | IceCv    | Received a gift from Okawaru
 15358 | IceCv    | Noticed a reaper
 15373 | IceCv    | Killed a reaper
 15374 | IceCv    | Reached XP level 13. HP: 66/108 MP: 12/19
 15838 | D:13     | Received a gift from Okawaru
 16070 | D:13     | Reached skill level 5 in Shields
 16351 | D:13     | Found a hazy altar of Hepliaklqana.
 16617 | D:14     | Noticed an ironbound preserver
 16626 | D:14     | Killed an ironbound preserver
 16753 | D:14     | Received a gift from Okawaru
 16971 | D:14     | Found a runed translucent door.
 16972 | D:14     | Noticed ripuliukko's ghost (journeyman GrEE)
 16973 | D:14     | Found a shimmering altar of Xom.
 17038 | D:14     | Reached skill level 13 in Maces & Flails
 17270 | D:14     | Found a gate to the Vaults.
 17826 | D:14     | Reached skill level 14 in Maces & Flails
 17849 | D:14     | Reached skill level 5 in Dodging
 17862 | D:14     | Received a gift from Okawaru
 17980 | D:14     | Gained mutation: When seriously injured, your blood forms
                  | thick armour. (AC +9) [demonic ancestry]
 17980 | D:14     | Reached XP level 14. HP: 58/115 MP: 20/20
 18715 | D:7      | Killed Route97's ghost
 19055 | D:15     | Entered Level 15 of the Dungeon
 19574 | D:15     | Received a gift from Okawaru
 19752 | D:15     | Noticed Kirke
 19761 | D:15     | Killed Kirke
 19986 | D:15     | Reached skill level 10 in Invocations
 20047 | D:15     | Reached skill level 10 in Shields
 20326 | D:15     | Paralysed by an orc sorcerer for 4 turns
 20380 | D:15     | Found a staircase to the Depths.
 20740 | Orc:1    | Entered Level 1 of the Orcish Mines
 20763 | Orc:1    | Received a gift from Okawaru
 20925 | Orc:1    | Noticed an orc warlord
 21003 | Orc:1    | Killed an orc warlord
 21693 | Orc:2    | Entered Level 2 of the Orcish Mines
 21693 | Orc:2    | Noticed Saint Roka
 21709 | Orc:2    | Killed from afar by Saint Roka

Illustrated notes

Levels and vault maps discovered:
D:1:      dpeg_arrival_pits, layout_rooms
D:2:      layout_basic, shapermc_ecumenical_altar_mp_highgroup,
          minmay_diced_spiral, uniq_crazy_yiuf_cottage, uniq_jessica
D:3:      layout_basic
D:4:      layout_rooms, minmay_small_thing, uniq_sigmund
D:5:      kennysheep_kobold_camp, layout_gridville, lemuel_doored_altar,
          chequers_serial_rivers_micro_a, minmay_crystal_room
D:6:      layout_cave_pods, evilmike_ruin_ashenzari, minmay_between, uniq_edmund
D:7:      minmay_chambers_of_sixes, layout_basic, temple_doors_e,
          gammafunk_ghost_gnarly_gnolls
D:8:      layout_cave_pools, nicolae_qazlal_beasts_of_the_sky,
          kennysheep_mini_moat
D:9:      layout_stronghold, amethyst_overflow_temple_binary, erik_orc_1,
          serial_ice, serial_ice_b, serial_ice_e, serial_ice_i, serial_ice_n,
          nicolae_twisty_statue_hallways
D:10:     layout_loops_ring, nemelex_spade_bored_becter
D:11:     layout_irregular_city, erik_lair_dragon, gauntlet_entry_generic
D:12:     layout_stronghold
D:13:     layout_basic, portal_ice_cave_rime, nicolae_hepliaklqana_hazy_memory,
          uniq_jorgrun
D:14:     layout_loops_ring, hellmonk_vaults_order_and_chaos, hex_medium,
          ebering_ghost_xom, nicolae_wwwww
D:15:     grunt_enter_depths_magical_seal, layout_long_grid, abandoned_shop,
          uniq_kirke
Temple:   hellmonk_temple_of_storms
Orc:1:    layout_caves, hellmonk_talismancer
Orc:2:    st_orc_town, layout_caves, uniq_saint_roka, uniq_donald, uniq_sonja

Skill      XL: |  1  2  3  4  5  6  7  8  9 10 11 12 13 14 |
---------------+-------------------------------------------+-----
Maces & Flails | 3 4 5 6 7 8 10 11 12 14 | 14.0
Fighting       | 4 6 8 10 12 | 12.9
Armour         | 2 4 5 7 |  7.1
Dodging        | 3 4 5 6 |  6.3
Invocations    | 4 9 10 | 10.0
Throwing       | 4 6 7 |  7.0
Evocations     | 1 4 |  4.0
Shields        | 4 6 12 | 12.3

Action                     |  1- 3 |  4- 6 |  7- 9 | 10-12 | 13-15 || total
---------------------------+-------+-------+-------+-------+-------++-------
  Melee: Flail             |    78 |    46 |   193 |   542 |   558 ||  1417
         Punch             |       |       |     5 |     6 |       ||    11
         Kick              |       |       |       |   140 |   248 ||   388
         Dire flail        |       |       |       |     6 |       ||     6
  Throw: Throwing net      |     1 |       |       |     1 |       ||     2
         Dart              |       |       |       |    71 |    37 ||   108
         Boomerang         |       |       |       |    52 |    86 ||   138
         Javelin           |       |       |       |     4 |     1 ||     5
 Invoke: Heroism           |       |       |       |     7 |     9 ||    16
         Finesse           |       |       |       |     6 |     9 ||    15
    Use: Scroll            |       |     2 |     6 |    11 |     2 ||    21
         Potion            |       |       |     2 |     3 |     4 ||     9
 Armour: Leather armour    |    46 |       |       |    68 |     1 ||   115
         Ring mail         |     7 |    18 |       |       |       ||    25
         Scale mail        |       |     1 |   113 |   274 |   267 ||   655
         Skin              |       |       |       |       |     2 ||     2
  Dodge: Dodged            |    52 |    19 |    97 |   189 |   194 ||   551
  Block: Buckler           |       |       |       |    12 |    52 ||    64
         Kite shield       |       |       |       |       |   206 ||   206
         Reflection        |       |       |       |       |    24 ||    24
